 Dungeon Sprint DCSS version 0.29-a0-1043-g569b05d6ff (webtiles) character file.

Game seed: 4420595702379054353

1873 Zeldest the Severer (level 9, -1/89 HPs)
             Began as a Hill Orc Monk on Aug 15, 2022.
             Was a Priest of Fedhas.
             Slain by a skeletal warrior
             ... wielding a +0 trident
              (9 damage)
             ... in the Dungeon (Sprint IX: "|||||||||||||||||||||||||||||").
             The game lasted 00:02:28 (174 turns).

Zeldest the Severer (Hill Orc Monk)                  Turns: 174, Time: 00:02:28

Health: -1/89      AC: 17    Str: 21    XL:     9   Next: 14%
Magic:  4/12       EV: 11    Int: 10    God:    Fedhas [***...]
Gold:   0          SH:  0    Dex: 13    Spells: 8/8 levels left

rFire   . . .      SeeInvis .   k - +1 broad axe (vorpal)
rCold   . . .      Faith    .   (no shield)
rNeg    . . .      Spirit   .   o - +0 plate armour
rPois   .          Reflect  .   n - +0 helmet
rElec   .          Harm     .   m - +0 cloak
rCorr   .          Rampage  .   (no gloves)
Will    .....      NoTele   +   (no boots)
Stlth   ..........              (no amulet)
HPRegen 0.24/turn               p - +2 ring of evasion
MPRegen 0.13/turn               q - +3 ring of strength

@: invisible
A: no striking features
a: Renounce Religion, Wall of Briars, Grow Ballistomycete


You were in the Dungeon.
You worshipped Fedhas.
Fedhas was most pleased with you.
You visited 1 branch

Inventory:

Hand Weapons
 a - a +0 hand axe
 k - a +1 vorpal broad axe (weapon)
 l - a +2 scimitar of flaming
Armour
 b - a +0 robe
 m - a +0 cloak (worn)
 n - a +0 helmet (worn)
 o - a +0 plate armour (worn)
Jewellery
 p - a +2 ring of evasion (left hand)
 q - a +3 ring of strength (right hand)
Scrolls
 h - 2 scrolls of amnesia
Potions
 d - a potion of curing
 g - 4 potions of magic


   Skills:
 + Level 11.4 Fighting
 + Level 15.8 Axes
 + Level 9.8 Armour
 + Level 8.0 Dodging
 - Level 1.5 Stealth
 + Level 5.3 Invocations


You had 8 spell levels left.
You didn't know any spells.
Your spell library was empty.

Dungeon Overview and Level Annotations

Branches:
Dungeon (1/1)

Altars:
Cheibriados
Dithmenos
Elyvilon
Fedhas
Gozag
Hepliaklqana
Kikubaaqudgha
Makhleb
Nemelex Xobeh
Okawaru
Qazlal
Ru
Sif Muna
Trog
Uskayaw
Vehumet
Wu Jian
Xom
Yredelemnul
Zin
The Shining One
Beogh
Jiyva
Lugonu


Message History

You feel invigorated. The troll misses you.
The troll claws you but does no damage. x2
Your +2 scimitar of flaming stops flaming.
k - a +1 vorpal broad axe (weapon)
The troll misses you. The troll barely misses you. x2
You bump into the unnaturally hard rock wall.
The troll closely misses you. x3
You slash the troll!
The troll is severely wounded.
You hit the troll.
The troll is almost dead.
The troll bites you but does no damage. The troll claws you.
* * * LOW HITPOINT WARNING * * *
The troll claws you.
* * * LOW HITPOINT WARNING * * *
The skeletal warrior hits you but does no damage.
You're too confused to move!
You feel less invigorated.
You feel less confused.
The skeletal warrior closely misses you.
The troll bites you.
* * * LOW HITPOINT WARNING * * *
The troll closely misses you. The troll claws you but does no damage.
You catch the helpless troll completely off-guard!
You slash the troll!
You kill the troll!
Fedhas appreciates your contribution to the ecosystem.
You can now transform dungeon walls and trees into plant allies.
The troll leather armour is intact enough to wear.
The skeletal warrior hits you from afar with a +0 trident!
* * * LOW HITPOINT WARNING * * *
Your Dodging skill increases to level 8!
Your Invocations skill increases to level 5!
You aren't carrying any items that you can evoke.
Aiming: Overgrow
Press: ? - help, Dir - move target The open door is torn apart as an oklob sapling grows in its place.
You can no longer transform dungeon walls and trees into plant allies.
The skeletal warrior hits you from afar with a +0 trident!
You die...
Fedhas appreciates your contribution to the ecosystem. ▓▓▓▓▓▓▓▓▓▓▓▓▓▓▓▓▓▓▓▓▓▓▓▓▓▓▓▓▓▓▓ _______'..).....@Pzu9W..'.u9.W. ▓▓▓▓▓▓▓▓▓▓▓▓▓▓▓▓▓▓▓▓▓▓▓▓▓▓▓▓▓▓▓

You could see a white ugly thing (unable to see you), a skeletal warrior (unable to see you, corroded, ally target), a wraith, a gargoyle (unable to see you) and a friendly oklob sapling (summoned).

Vanquished Creatures
  A hydra (D)
  A kobold demonologist (D)
  2 trolls (D)
  2 shadows (D)
  A yak (D)
  A black bear (D)
  A howler monkey (D)
  A gnoll bouda (D)
  2 adders (D)
  An orc (D)
  2 endoplasms (D)
  A goblin (D)
  A bat (D)
  A rat (D)
18 creatures vanquished.

Notes
Turn   | Place    | Note
-------+----------+-------------------------------------------
     0 | D        | Zeldest the Hill Orc Monk began the quest for the Orb.
     0 | D        | Reached XP level 1. HP: 19/19 MP: 1/1
    21 | D        | Reached skill level 1 in Armour
    31 | D        | Noticed a gnoll bouda
    31 | D        | Noticed a black bear
    35 | D        | Reached skill level 5 in Axes
    35 | D        | Reached XP level 2. HP: 12/27 MP: 2/2
    38 | D        | Reached skill level 5 in Fighting
    38 | D        | Reached skill level 6 in Axes
    38 | D        | Reached XP level 3. HP: 15/36 MP: 3/3
    41 | D        | Reached skill level 7 in Axes
    46 | D        | HP: 2/54 [black bear (4)]
    47 | D        | Killed a black bear
    48 | D        | Reached skill level 9 in Axes
    48 | D        | Reached XP level 4. HP: 1/45 MP: 4/4
    48 | D        | Reached XP level 5. HP: 2/51 MP: 5/5
    55 | D        | Found a roughly hewn altar of Beogh.
    55 | D        | Found a snail-covered altar of Cheibriados.
    55 | D        | Found a shadowy altar of Dithmenos.
    55 | D        | Found a white marble altar of Elyvilon.
    55 | D        | Found a blossoming altar of Fedhas.
    55 | D        | Found an opulent altar of Gozag.
    56 | D        | Found a hazy altar of Hepliaklqana.
    57 | D        | Found a viscous altar of Jiyva.
    58 | D        | Found an ancient bone altar of Kikubaaqudgha.
    59 | D        | Found a corrupted altar of Lugonu.
    60 | D        | Found a burning altar of Makhleb.
    61 | D        | Found a sparkling altar of Nemelex Xobeh.
    62 | D        | Became a worshipper of Fedhas Madash
    62 | D        | Reached * piety under Fedhas
    62 | D        | Reached ** piety under Fedhas
    63 | D        | Found an iron altar of Okawaru.
    64 | D        | Found a stormy altar of Qazlal.
    65 | D        | Found a sacrificial altar of Ru.
    66 | D        | Found a shimmering blue altar of Sif Muna.
    67 | D        | Found a bloodstained altar of Trog.
    68 | D        | Found a hide-covered altar of Uskayaw.
    69 | D        | Found a radiant altar of Vehumet.
    70 | D        | Found an ornate altar of the Wu Jian Council.
    71 | D        | Found a shimmering altar of Xom.
    72 | D        | Found a basalt altar of Yredelemnul.
    73 | D        | Found a glowing silver altar of Zin.
    74 | D        | Found a glowing golden altar of the Shining One.
   123 | D        | Noticed a troll
   123 | D        | Noticed a shadow
   123 | D        | Noticed a kobold demonologist
   123 | D        | Noticed a yak
   123 | D        | Noticed a shadow
   126 | D        | Reached skill level 10 in Axes
   126 | D        | Reached skill level 5 in Armour
   126 | D        | Killed a shadow
   127 | D        | Reached skill level 11 in Axes
   127 | D        | Reached skill level 5 in Dodging
   127 | D        | Reached XP level 6. HP: 30/61 MP: 6/6
   127 | D        | Killed a troll
   128 | D        | Reached skill level 13 in Axes
   128 | D        | Reached XP level 7. HP: 34/69 MP: 7/7
   132 | D        | Killed a kobold demonologist
   132 | D        | Reached *** piety under Fedhas
   133 | D        | Reached skill level 14 in Axes
   136 | D        | Killed a yak
   137 | D        | Reached skill level 10 in Fighting
   137 | D        | Reached XP level 8. HP: 26/79 MP: 8/8
   137 | D        | Killed a shadow
   146 | D        | Noticed a six-headed hydra
   146 | D        | Noticed a troll
   146 | D        | Noticed a skeletal warrior
   146 | D        | Noticed a gargoyle
   146 | D        | Noticed a white ugly thing
   146 | D        | Noticed a wraith
   166 | D        | Killed a four-headed hydra
   167 | D        | Reached skill level 15 in Axes
   167 | D        | Reached XP level 9. HP: 6/89 MP: 8/12
   173 | D        | Killed a troll
   173 | D        | Reached **** piety under Fedhas
   174 | D        | Reached skill level 5 in Invocations
   174 | D        | Slain by a skeletal warrior

Illustrated notes

Levels and vault maps discovered:
D:        linesprint [early_d, line_temple, items_1, d_10, items_2, lair_1,
          lair_end, items_3, orc_1, orc_end, items_4, d_15, swamp_1, shoals_1,
          snake_1, spider_1, d_20, vaults_1, items_5, swamp_end, shoals_end,
          snake_end, spider_end, vaults_end, d_27, items_6, zot_1, zot_end,
          crypt_end, forest_end, elf_end, slime_end, tomb_end, abyss_end,
          pan_hell_end]

Skill      XL: |  1  2  3  4  5  6  7  8  9 |
---------------+----------------------------+-----
Fighting       | 4 5 6 8 10 11 | 11.4
Armour         | 1 2 4 6 7 8 9 |  9.8
Axes           | 5 6 9 11 13 14 15 | 15.8
Dodging        | 3 4 5 6 7 8 |  8.0
Invocations    | 4 5 |  5.3
Stealth        | |  1.5

Action                   |  1- 3 |  4- 6 |  7- 9 || total
-------------------------+-------+-------+-------++-------
Melee: Hand axe          |    34 |     2 |       ||    36
       Broad axe         |       |       |    13 ||    13
       Scimitar          |       |       |     3 ||     3
Invok: Overgrow          |       |       |     1 ||     1
Evoke: Wand              |       |     4 |     6 ||    10
  Use: Potion            |     2 |     1 |     8 ||    11
       Scroll            |       |       |     2 ||     2
 Stab: Invisible         |       |       |     1 ||     1
Armor: Robe              |     6 |       |       ||     6
       Plate armour      |       |     3 |    23 ||    26
Dodge: Dodged            |    22 |     3 |    20 ||    45

Table legend: (Time is in decaauts)
 A = Elapsed time spent in this place.
 B = Non-inter-level travel time spent in this place.
 C = Inter-level travel time spent in this place.
 D = Time resting spent in this place.
 E = Time spent auto-exploring this place.
 F = Levels seen in this place.
 G = Mean time per level.
                   A        B        C        D        E       F      G
               +--------+--------+--------+--------+--------+-----+--------+
         Total |    166 |    166 |      0 |      0 |      0 |   1 |  166.0 |
       Dungeon |    166 |    166 |      0 |      0 |      0 |   1 |  166.0 |
               +--------+--------+--------+--------+--------+-----+--------+

Top non-repeatable levels by time:
       D: 166 daAuts
